 Dungeon Crawl Stone Soup version 0.23-a0-54-gae6112e (webtiles) character file.

2127 CanOfBees the Slinger (level 9, -4/64 HPs)
             Began as a Halfling Hunter on Aug 9, 2018.
             Was an Initiate of Okawaru.
             Splashed by an oklob plant's acid (9 damage)
             ... on level 7 of the Dungeon.
             The game lasted 00:22:51 (10311 turns).

CanOfBees the Slinger (Halfling Hunter)            Turns: 10311, Time: 00:22:51

Health: -4/64      AC:  3    Str: 12 (13) XL:     9   Next: 54%
Magic:  18/18      EV: 16    Int:  8 (9)  God:    Okawaru [......]
Gold:   223        SH:  0    Dex: 21 (23) Spells: 8/8 levels left

rFire    . . .     SeeInvis +   b - +1 quarterstaff (speed)
rCold    . . .     Gourm    .   (shield currently unavailable)
rNeg     . . .     Faith    .   v - +2 robe of New Discoveries {Dex+5 SInv}
rPois    +         Spirit   .   (no helmet)
rElec    .         Reflect  .   w - scarf {cloud immunity}
rCorr    .         Harm     .   j - +1 pair of gloves
MR       .....                  B - +0 pair of boots
Stlth    ++........             (no amulet)
HPRegen  0.20/turn              q - ring of poison resistance
MPRegen  0.16/turn              K - ring of magical power

@: corroded
A: small, mutation resistance 1
a: Renounce Religion


You were on level 7 of the Dungeon.
You worshipped Okawaru.
Okawaru was noncommittal.
You were not hungry.

You visited 2 branches of the dungeon, and saw 8 of its levels.
You also visited: Ossuary.

You collected 377 gold pieces.
You spent 154 gold pieces at shops.

Inventory:

Hand Weapons
 a - a +1 hunting sling
 b - a +1 quarterstaff of speed (weapon)
 d - a +0 short sword
 r - a +2 antimagic trident
 L - the +6 hand axe of Qestius {venom, Int+2, unknown}
   (You found it on level 7 of the Dungeon)

   It poisons the flesh of those it strikes.
   It affects your intelligence (+2).
Missiles
 o - 49 poisoned needles
Armour
 j - a +1 pair of gloves (worn)
 v - the +2 robe of New Discoveries (worn) {Dex+5 SInv}
   (You found it on level 4 of the Dungeon)

   It affects your dexterity (+5).
   It lets you see invisible.
 w - a scarf of cloud immunity (worn)
 B - a +0 pair of boots (worn)
Jewellery
 p - an uncursed ring of flight
 q - a ring of poison resistance (left hand)
 y - an uncursed amulet of magic regeneration
 K - a ring of magical power (right hand)
Wands
 E - a wand of clouds (2)
Scrolls
 c - 2 scrolls of enchant weapon
 g - 6 scrolls of remove curse
 k - 4 scrolls of blinking
 m - 3 scrolls of teleportation
 z - a scroll of immolation
 C - a scroll of identify
 D - a scroll of amnesia
 F - a scroll of summoning {unknown}
 G - 3 scrolls of magic mapping
 H - a scroll of noise
 I - a scroll of random uselessness {unknown}
 J - a scroll of enchant armour
Potions
 h - a potion of flight
 i - a potion of cancellation
Comestibles
 f - 9 rations


   Skills:
 + Level 7.2 Fighting
 + Level 12.0 Slings
 - Level 5.0 Armour
 - Level 3.0 Dodging
 - Level 1.1 Stealth
 + Level 0.0 Invocations


You had 8 spell levels left.
You didn't know any spells.
Your spell library contained the following spells:

 Spells                   Type           Power        Failure   Level  Hunger
 Summon Small Mammal      Summ           #...         41%         1    ##.....
 Animate Dead             Necr           N/A          99%         4    #####..
 Pain                     Necr           #...         41%         1    ##.....
 Animate Skeleton         Necr           N/A          41%         1    ##.....
 Vampiric Draining        Necr           #.........   78%         3    ####...
 Summon Ice Beast         Ice/Summ       #.......     99%         4    #####..
 Call Imp                 Summ           #.......     54%         2    ###....
 Regeneration             Chrm/Necr      #.........   78%         3    ####...
 Stone Arrow              Conj/Erth      #.....       78%         3    ####...
 Passwall                 Tmut/Erth      #.......     54%         2    ###....
 Call Canine Familiar     Summ           #.......     78%         3    ####...
 Lee's Rapid Deconstruct  Erth           #.........   100%        5    ######.
 Sandblast                Erth           #.....       41%         1    ##.....
 Petrify                  Tmut/Erth      #.......     99%         4    #####..
 Summon Lightning Spire   Summ/Air       #.......     99%         4    #####..
 Summon Guardian Golem    Hex/Summ       #.......     78%         3    ####...


Dungeon Overview and Level Annotations

Branches:
Dungeon (7/15)             Temple (1/1) D:7

Altars:
Ashenzari
Cheibriados
Dithmenos
Elyvilon
Gozag
Hepliaklqana
Kikubaaqudgha
Makhleb
Nemelex Xobeh
Okawaru
Qazlal
Ru
Sif Muna
Trog
Uskayaw
Wu Jian
Xom
Yredelemnul
Zin
The Shining One

Shops:
D:7 ?}*:

Annotations:
D:5 Dowan, Duvessa
D:7 exclusion: oklob plant


Innate Abilities, Weirdness & Mutations

You are small and have problems with some larger weapons.
You are somewhat resistant to further mutation.


Message History

The oklob plant is heavily damaged.
You hit the oklob plant.
The oklob plant is severely damaged.
You hit the oklob plant.
The oklob plant is severely damaged.
You hit the oklob plant but do no damage.
The oklob plant is severely damaged.
You hit the oklob plant.
The oklob plant is severely damaged.
The oklob plant spits acid at you. The splash of acid hits you!
The acid corrodes you!
You are splashed with acid!
The acid burns!
* * * LOW HITPOINT WARNING * * *
You hit the oklob plant.
The oklob plant is severely damaged.
The oklob plant spits acid at you. The splash of acid hits you!
* * * LOW HITPOINT WARNING * * *
You are splashed with acid!
The acid burns!
You die...

##.......###.<......#..##
##......####.........###
######...####.##.......
##.....###..###.....
#...(...###.#.......
#.......###.......##
#..........!....#...
##.P....#####.#..##.
#P@P..## ##.##..#.
#..P....# #..###...
#.......# ##.## ##..
#...>...# #..# ###..
##.....####.####....
##..%####..........
#####.............
###...........##.
#..<####.#.......


You could see an oklob plant.

Vanquished Creatures
  A hippogriff (D:7)
  Menkaure (D:7)
  A hungry ghost (D:7)
  A water moccasin (D:6)
  A phantom (D:6)
  An orc warrior (D:6)
  A black bear (D:6)
  3 ogres
  A crocodile (D:5)
  A bullfrog (D:7)
  A scorpion (D:3)
  4 howler monkeys
  3 crimson imps (D:5)
  A centaur zombie (Ossuary)
  2 orc priests (D:5)
  2 hounds (D:4)
  An orc wizard (D:4)
  4 worker ants
  2 hound zombies (Ossuary)
  A hound skeleton (D:5)
  6 mummies (Ossuary)
  A howler monkey zombie (Ossuary)
  A worker ant zombie (D:6)
  5 adders
  4 gnolls (D:4)
  2 shadow imps
  An adder zombie (Ossuary)
  A worm (D:5)
  6 dart slugs
  6 leopard geckos
  12 orcs
  3 giant cockroaches
  8 goblins
  6 hobgoblins
  10 jackals
  2 quokkas (D:6)
  9 bats
  4 frilled lizards
  8 kobolds
  5 rats
133 creatures vanquished.

Notes
Turn   | Place    | Note
-------+----------+-------------------------------------------
     0 | D:1      | CanOfBees the Halfling Hunter began the quest for the Orb.
     0 | D:1      | Reached XP level 1. HP: 14/14 MP: 1/1
    70 | D:1      | Reached skill level 6 in Slings
    70 | D:1      | Reached XP level 2. HP: 19/19 MP: 2/2
   334 | D:1      | Reached XP level 3. HP: 24/24 MP: 3/3
  1510 | D:2      | Found an opulent altar of Gozag.
  1571 | D:2      | Reached XP level 4. HP: 20/30 MP: 4/4
  1863 | D:2      | Found a hazy altar of Hepliaklqana.
  2232 | D:3      | Found a stormy altar of Qazlal.
  2233 | D:3      | Noticed a fire elemental
  2242 | D:3      | Reached skill level 7 in Slings
  2242 | D:3      | Reached skill level 1 in Armour
  2242 | D:3      | Reached XP level 5. HP: 36/36 MP: 5/5
  2247 | D:3      | Noticed an air elemental
  2247 | D:3      | Noticed a water elemental
  2418 | D:3      | Found a white marble altar of Elyvilon.
  2423 | D:3      | Found a glowing silver altar of Zin.
  3130 | D:4      | Got a creamy pearl robe
  3185 | D:4      | Reached XP level 6. HP: 30/42 MP: 6/6
  4050 | D:3      | Identified the +2 robe of New Discoveries {Dex+5 SInv} (You found it on level 4 of the Dungeon)
  4158 | D:4      | Reached skill level 8 in Slings
  4383 | D:4      | Reached XP level 7. HP: 41/47 MP: 7/7
  4490 | D:5      | Entered Level 5 of the Dungeon
  5000 | D:5      | Found a sand-covered staircase.
  5005 | Ossuary  | Entered an ossuary
  5041 | Ossuary  | Reached skill level 9 in Slings
  5115 | Ossuary  | Reached XP level 8. HP: 32/54 MP: 8/8
  6208 | D:5      | Reached skill level 5 in Fighting
  6360 | D:5      | Reached skill level 5 in Armour
  6797 | D:6      | Reached skill level 10 in Slings
  7137 | D:6      | Noticed Duvessa
  7137 | D:6      | Noticed Dowan
  7440 | D:6      | Reached XP level 9. HP: 46/62 MP: 9/9
  8228 | D:6      | Reached skill level 11 in Slings
  8924 | D:7      | Found a shimmering altar of Xom.
  8924 | D:7      | Found Amumyg's Magic Scroll Shop.
  8928 | D:7      | Bought a scroll of amnesia for 42 gold pieces
  8928 | D:7      | Bought a scroll of noise for 12 gold pieces
  8928 | D:7      | Bought a scroll of identify for 24 gold pieces
  8928 | D:7      | Bought a scroll of identify for 24 gold pieces
  9129 | D:7      | Found Fyl Job's Book Shoppe.
  9135 | D:7      | Noticed a hippogriff
  9136 | D:7      | Found Reahem Goak's General Store.
  9143 | D:7      | Noticed Menkaure
  9173 | D:7      | Killed a hippogriff
  9180 | D:7      | Killed Menkaure
  9180 | D:7      | Reached skill level 12 in Slings
  9313 | D:7      | Got a scorched hand axe
  9320 | D:7      | Bought a scroll of magic mapping for 52 gold pieces
  9344 | D:7      | Found Sikhlu's Gadget Emporium.
  9422 | D:7      | Noticed an oklob plant
  9730 | D:7      | Found a bloodstained altar of Trog.
  9804 | D:7      | Found an ornate altar of the Wu Jian Council.
  9837 | D:7      | Found a staircase to the Ecumenical Temple.
  9892 | Temple   | Entered the Ecumenical Temple
  9960 | Temple   | Became a worshipper of Warmaster Okawaru
 10311 | D:7      | Splashed by an oklob plant's acid

Vault maps used:
D:1:      onia_arrival_pyramid, serial_glass, glass_columns_a, glass_columns_b,
          minmay_misc_feat_enclosed
D:2:      marbit_many_paths, grunt_gozag_statues
D:3:      nicolae_qazlal_style_of_elements, nicolae_overflow_hidden_temple
D:4:      first_ration
D:5:      nicolae_ossuary_entry_plus, hangedman_decor_lopped,
          nrook_loot_triangle, grunt_ministairs_6, fountainhead
D:6:      uniq_duvessa
D:7:      kennysheep_mini, lemuel_coloured_pillars_altar,
          minmay_temple_entry_butterflies, serial_shops, shop, shop,
          nicolae_shop_crystal, shop, lemuel_oklob_altar, uniq_menkaure
Temple:   jpeg_temple_clearing
Ossuary:  ossuary_zaba_flooded

Skill      XL: |  1  2  3  4  5  6  7  8  9 |
---------------+----------------------------+-----
Fighting       | 2 3 4 6 7 |  7.2
Slings         | 6 7 8 9 10 12 | 12.0
Dodging        | 3 |  3.0
Armour         | 1 2 3 4 5 |  5.0
Stealth        | |  1.1

Action                   |  1- 3 |  4- 6 |  7- 9 || total
-------------------------+-------+-------+-------++-------
Melee: Short sword       |    92 |       |    72 ||   164
       Quarterstaff      |       |       |   118 ||   118
       Trident           |       |       |     6 ||     6
 Fire: Hunting sling     |    28 |   180 |   286 ||   494
Throw: Stone             |     3 |       |    12 ||    15
       Throwing net      |       |       |     1 ||     1
Evoke: Wand              |       |       |     2 ||     2
  Use: Potion            |     1 |       |    13 ||    14
       Scroll            |       |     5 |     7 ||    12
 Stab: Sleeping          |     1 |       |     1 ||     2
  Eat: Chunk             |     2 |     8 |    15 ||    25
       Ration            |       |       |     2 ||     2
Armor: Leather armour    |    43 |     9 |       ||    52
       Robe              |       |     4 |    56 ||    60
       Ring mail         |       |     1 |       ||     1
Dodge: Dodged            |   112 |    57 |   199 ||   368

Table legend:
 A = Spawn XP
 B = Non-spawn XP
 C = Spawn XP percentage of total XP
 D = Spawn monster count
 E = Non-spawn monster count
 F = Spawn count percentage of total count
 G = Total turns spent on level
                    A         B        C        D         E        F      G
               +---------+---------+-------+---------+---------+-------+---------
         Total |       0 |    3039 |   0.0 |       0 |     133 |   0.0 | 10311
               +---------+---------+-------+---------+---------+-------+---------
           D:1 |       0 |      44 |   0.0 |       0 |      24 |   0.0 |  1275
           D:2 |       0 |      54 |   0.0 |       0 |      22 |   0.0 |   839
           D:3 |       0 |     101 |   0.0 |       0 |      10 |   0.0 |   878
           D:4 |       0 |     332 |   0.0 |       0 |      17 |   0.0 |  1735
           D:5 |       0 |     713 |   0.0 |       0 |      23 |   0.0 |  1890
           D:6 |       0 |     842 |   0.0 |       0 |      19 |   0.0 |  2093
           D:7 |       0 |     737 |   0.0 |       0 |       7 |   0.0 |  1311
       Ossuary |       0 |     216 |   0.0 |       0 |      11 |   0.0 |   201
               +---------+---------+-------+---------+---------+-------+---------
